Map: Whirlwind LE (Void)

Players

Pain - Winner!

  • Race: Terran Terran
  • Spawn Location: 11:00

A.I. 1 (Easy)

  • Race: Zerg Zerg
  • Spawn Location: 1:00

VOD

Have the link to the VOD?

Description

Time

  • Played on: Jan. 2, 2017, 10:07 p.m.
  • Length: 41:41
Show
View Real Time Build Order
Export as new Build Order

Pain Terran - Winner!

Build Orders:  

Get SALT Encoding   

  12  0:14  Supply Depot  
  12  0:18  Refinery  
  12  0:23  SCV  
  13  0:35  SCV  
  14  0:58  Barracks  
  14  1:23  Barracks  
  14  1:31  SCV  
  15  1:43  SCV  
  16  1:56  SCV  
  17  2:08  SCV  
  18  2:20  SCV  
  19  2:32  SCV  
  20  2:40  Bunker  
  20  2:44  SCV  
  21  3:12  Barracks Tech Lab, Command Center  
  21  3:15  SCV  
  22  3:21  Refinery  
  22  3:27  SCV, Supply Depot  
  22  3:31  Supply Depot  
  23  3:49  Marine  
  23  3:53  SCV  
  25  4:05  SCV  
  25  4:06  Marine  
  27  4:17  SCV  
  28  4:24  Marine  
  28  4:29  SCV  
  30  4:32  Engineering Bay  
  30  4:36  Refinery  
  30  4:41  SCV  
  30  4:42  Marine  
  32  4:59  Barracks  
  32  5:00  Marine  
  33  5:16  SCV  
  33  5:18  Bunker, Marauder  
  37  5:28  SCV  
  37  5:35  Supply Depot  
  37  5:40  SCV, Marauder  
  40  5:46  Missile Turret  
  40  5:52  SCV  
  39  6:01  Marauder  
  39  6:03  Barracks Reactor  
  41  6:04  SCV  
  42  6:22  Marauder  
  44  6:29  Supply Depot  
  44  6:36  Supply Depot  
  44  6:43  Marine x2  
  46  6:56  Marauder  
  46  7:00  Marine  
  46  7:01  Marine  
  50  7:09  Sensor Tower  
  50  7:17  Marauder  
  50  7:18  Marine x2  
  54  7:28  Bunker  
  54  7:36  Marine x2  
  56  7:37  Factory  
  56  7:39  Marauder  
  58  7:46  SCV  
  59  7:54  Marine x2  
  59  7:58  SCV, Supply Depot  
  62  8:00  Marauder  
  64  8:10  Refinery, SCV  
  65  8:14  Terran Infantry Weapons Level 1  
  65  8:21  Marauder  
  65  8:22  SCV  
  68  8:29  Marine x2  
  70  8:34  SCV  
  71  8:47  Marine x2  
  71  8:48  Supply Depot  
  73  9:05  Marine x2  
  75  9:12  Armory  
  75  9:22  Marine  
  75  9:23  Marine  
  77  9:30  Factory Tech Lab  
  77  9:40  Marine x2  
  79  9:49  Orbital Command  
  79  9:58  Marine x2  
  81  10:08  Hi-Sec Auto Tracking  
  81  10:12  Marauder  
  83  10:16  Marine x2  
  85  10:21  Factory  
  82  10:33  Marauder  
  76  10:46  Drilling Claws  
  76  10:53  Cyclone  
  76  10:54  Marauder  
  81  11:04  Neosteel Frame  
  81  11:16  Marauder  
  83  11:22  Factory Reactor  
  83  11:23  Combat Shields  
  83  11:25  Cyclone  
  86  11:37  Marauder  
  88  11:58  Cyclone  
  88  11:59  Marauder  
  93  12:05  Infernal Pre-Igniter  
  93  12:12  Supply Depot  
  93  12:16  Supply Depot  
  93  12:19  Supply Depot  
  93  12:23  Terran Infantry Armor Level 1  
  93  12:34  Cyclone, Marauder  
  102  12:41  Widow Mine x2  
  102  12:43  Stimpack  
  102  12:55  Marauder  
  102  12:58  Marine x2  
  110  13:06  Cyclone  
  110  13:10  Widow Mine x2  
  113  13:16  Marine x3  
  118  13:38  Widow Mine  
  118  13:45  Supply Depot x2  
  118  13:48  Supply Depot  
  118  14:04  Marine x3  
  118  14:06  Hellion  
  118  14:07  Cyclone  
  116  14:17  Building Armor  
  116  14:22  Marine x3  
  119  14:39  Cyclone  
  119  14:40  Marine x2  
  119  14:41  SCV  
  119  14:44  Concussive Shells  
  125  14:49  Supply Depot  
  125  14:53  SCV  
  125  14:54  Cyclone x2  
  125  14:58  Marine x2  
  134  15:11  Cyclone  
  137  15:26  Cyclone  
  140  15:43  Cyclone  
  143  15:57  Terran Infantry Weapons Level 2  
  143  16:03  Command Center, Marine x2  
  145  16:15  Cyclone  
  148  16:21  Marine x2  
  150  16:38  Unknown  
  139  16:43  Unknown  
  100  17:46  SCV  
  101  17:58  SCV  
  102  18:04  Cyclone  
  105  18:10  SCV, Command Center  
  106  18:13  Terran Infantry Armor Level 2  
  106  18:22  SCV  
  107  18:34  SCV  
  108  18:50  Cyclone  
  111  19:02  Cyclone x2  
  117  19:22  Cyclone  
  117  19:23  Supply Depot  
  120  19:34  Cyclone  
  123  19:54  Cyclone  
  81  20:26  Cyclone  
  84  20:29  Terran Infantry Weapons Level 3  
  84  20:35  SCV  
  85  20:47  SCV  
  86  20:58  Cyclone  
  86  20:59  SCV  
  90  21:04  Marine x2  
  93  21:22  Marine x2  
  95  21:30  Siege Tank  
  83  21:40  Marine x2  
  79  21:54  Unknown  
  79  21:57  Marine  
  79  21:58  Marine  
  75  22:03  Siege Tank  
  75  22:04  Unknown  
  73  22:30  Marine x2  
  73  22:35  Siege Tank  
  78  22:48  Marine x2  
  80  23:06  Factory, Marine x2  
  80  23:07  Siege Tank  
  91  23:18  Hellbat x2  
  89  23:24  Marine x2  
  91  23:35  Command Center  
  91  23:39  Siege Tank  
  91  23:40  Hellbat x2  
  98  24:01  Hellbat x2  
  102  24:17  Refinery  
  102  24:20  Refinery  
  102  24:22  Hellbat x2  
  106  24:43  Cyclone  
  106  24:44  Cyclone  
  112  24:51  Bunker  
  112  24:52  Unknown  
  98  25:15  Cyclone  
  98  25:16  Cyclone  
  104  25:48  Cyclone x2  
  110  25:51  SCV  
  110  25:56  Supply Depot  
  111  26:03  SCV  
  112  26:07  Marine x2  
  114  26:15  SCV  
  115  26:20  Cyclone x2  
  115  26:25  Marine x2  
  123  26:27  SCV  
  124  26:43  Marine x2  
  126  26:52  Cyclone x2, Thor  
  138  27:00  Marine  
  138  27:01  Marine  
  140  27:03  Refinery  
  140  27:06  Refinery  
  140  27:12  SCV  
  141  27:24  Cyclone x2, SCV  
  141  27:29  Hellbat  
  150  27:34  Thor  
  156  27:50  Hellbat  
  158  28:06  Marine x2  
  158  28:12  Hellbat  
  162  28:17  Thor  
  168  28:24  Marine x2  
  170  28:33  Hellbat  
  172  28:42  Marine x2  
  174  28:54  Hellbat  
  176  29:00  Thor, Marine x2  
  184  29:04  Unknown  
  174  29:27  Unknown  
  173  29:48  Starport  
  173  30:38  Unknown  
  147  31:39  Unknown  
  122  32:54  Hellbat x2  
  126  32:58  Marine x2  
  126  33:05  Cyclone  
  131  33:09  Siege Tank  
  134  33:16  Hellbat x2, Marine x2  
  125  33:34  Marine x2  
  125  33:37  Cyclone, Hellbat x2  
  137  33:41  Siege Tank  
  128  33:52  Marine x2  
  124  33:58  Hellbat x2  
  122  34:09  Cyclone  
  125  34:13  Siege Tank  
  121  34:24  Marine x2  
  123  34:31  Starport Reactor  
  123  34:41  Cyclone  
  123  34:42  Supply Depot, Marine x2  
  123  34:45  Siege Tank  
  131  35:00  Marine x2  
  133  35:13  Cyclone  
  136  35:17  Siege Tank, Marine  
  136  35:18  Marine  
  141  35:30  Medivac  
  141  35:31  Medivac  
  145  35:55  Armory  
  145  36:00  Medivac  
  145  36:01  Medivac  
  149  36:10  Factory  
  149  36:30  Viking  
  153  36:38  Supply Depot  
  153  36:53  Viking  
  152  37:21  Viking  
  152  37:23  Viking  
  154  37:34  Cyclone  
  154  37:37  Marine x2  
  157  37:41  Factory Tech Lab  
  159  37:54  Marine x2  
  159  37:57  Unknown  
  159  38:06  Cyclone  
  159  38:12  Marine x2  
  158  38:30  Marine x2  
  160  38:38  Cyclone  
  161  38:58  Marine x2  
  148  39:10  Cyclone  
  148  39:16  Marine x2  
  152  39:33  Marine  
  153  39:42  Cyclone  
  142  41:19  Unknown  
  142  41:24  Unknown  
Show
View Real Time Build Order
Export as new Build Order

A.I. 1 (Easy) Zerg 

Build Orders: Pool First 

Get SALT Encoding   

  12  0:00  Drone  
  13  0:12  Overlord  
  13  0:16  Drone  
  14  0:30  Drone  
  14  0:34  Drone  
  16  0:42  Spawning Pool  
  15  0:43  Extractor  
  15  0:46  Drone  
  15  0:51  Drone  
  16  0:58  Overlord  
  16  1:29  Zergling x2  
  16  1:31  Queen, Roach Warren  
  18  1:34  Zergling x2  
  18  1:35  Drone  
  18  1:39  Extractor  
  19  1:40  Drone  
  20  1:50  Zergling x2  
  21  2:01  Zergling x2  
  22  2:11  Zergling x2  
  23  2:22  Zergling x2  
  24  2:33  Overlord  
  24  2:38  Zergling x2, Drone  
  27  2:44  Zergling x2  
  27  2:45  Drone  
  28  2:56  Drone  
  29  3:06  Drone  
  29  3:10  Drone  
  29  3:11  Overlord  
  31  3:15  Drone  
  32  5:14  Lair, Drone, Roach, Overlord  
  32  5:19  Drone  
  36  5:23  Drone  
  36  5:28  Drone  
  38  5:32  Drone, Hatchery  
  38  5:35  Roach  
  36  5:56  Roach  
  34  6:11  Overseer  
  34  6:15  Overseer  
  34  6:16  Zergling x2  
  34  6:18  Infestation Pit  
  34  6:21  Hydralisk Den  
  34  6:22  Drone  
  34  6:44  Drone  
  35  6:49  Drone  
  35  6:50  Hydralisk  
  35  6:53  Drone  
  39  6:55  Extractor  
  39  6:57  Extractor, Drone  
  38  7:01  Drone  
  38  7:06  Drone  
  40  7:10  Drone  
  40  7:11  Infestor  
  40  7:15  Drone  
  44  7:19  Drone  
  45  7:23  Drone  
  45  7:27  Drone  
  47  7:32  Drone  
  47  7:36  Drone  
  49  7:40  Drone  
  50  7:45  Drone  
  50  7:49  Drone  
  52  7:53  Drone  
  52  7:54  Overlord  
  52  7:57  Drone  
  54  8:02  Drone  
  55  8:06  Drone  
  55  8:10  Drone  
  57  8:15  Drone  
  57  8:19  Drone  
  59  8:23  Drone  
  59  8:24  Overlord  
  60  8:28  Drone  
  61  9:49  Pneumatized Carapace, Hydralisk, Overseer  
  61  9:52  Evolution Chamber  
  62  10:03  Hydralisk  
  64  10:19  Zergling x2  
  64  10:21  Zerg Melee Weapons Level 1  
  60  10:33  Roach  
  60  10:34  Overseer  
  56  10:46  Hydralisk, Hatchery  
  57  11:01  Ravager  
  57  11:02  Overlord, Roach  
  60  11:31  Roach, Ravager  
  63  11:57  Drone  
  64  12:02  Drone  
  64  12:06  Drone  
  66  12:10  Drone  
  66  12:11  Extractor  
  66  12:14  Extractor  
  66  12:15  Drone, Zerg Ground Armor Level 1  
  66  12:19  Drone  
  67  13:43  Hive, Overlord  
  67  13:46  Spire  
  66  14:01  Overlord, Drone  
  67  14:03  Zergling x2  
  67  14:09  Zerg Missile Weapons Level 1  
  57  14:16  Hydralisk  
  55  14:29  Hydralisk  
  57  14:58  Ultralisk Cavern  
  57  14:59  Zerg Flyer Weapons Level 1  
  56  15:48  Ultralisk  
  62  16:01  Ultralisk  
  62  16:03  Zerg Melee Weapons Level 2  
  68  16:15  Ultralisk  
  74  16:24  Hatchery  
  73  16:32  Hydralisk  
  72  16:47  Overlord, Ultralisk  
  72  16:52  Queen  
  64  17:00  Ultralisk  
  64  17:05  Spire  
  63  17:15  Zergling x2  
  62  17:24  Roach  
  62  17:26  Overlord  
  62  17:27  Ultralisk Cavern  
  63  17:31  Roach  
  65  17:38  Infestor, Drone  
  65  17:42  Drone  
  69  17:46  Extractor, Drone, Roach  
  69  17:51  Drone  
  72  17:52  Extractor  
  72  17:53  Roach  
  72  17:55  Drone  
  74  17:59  Drone  
  74  18:00  Roach  
  77  18:06  Infestor  
  79  18:15  Roach  
  79  18:16  Hydralisk Den  
  79  18:17  Drone, Zerg Flyer Armor Level 1  
  79  18:18  Zerg Missile Weapons Level 2  
  81  18:22  Ultralisk  
  87  18:46  Hydralisk  
  89  18:53  Hydralisk  
  91  19:01  Hydralisk  
  93  19:08  Hydralisk  
  95  19:49  Drone  
  95  19:51  Zergling x2  
  94  19:53  Drone  
  94  19:58  Roach  
  83  20:34  Zerg Ground Armor Level 2  
  83  21:37  Roach  
  82  21:43  Zergling x2  
  83  21:59  Roach  
  77  22:05  Roach  
  77  22:07  Hatchery  
  66  22:12  Roach  
  60  22:17  Hydralisk  
  62  22:25  Roach  
  64  22:31  Roach  
  66  22:37  Hydralisk  
  66  22:44  Hydralisk  
  68  22:50  Hydralisk  
  72  22:57  Infestor  
  74  23:03  Infestor  
  76  23:19  Drone  
  77  23:36  Extractor  
  77  23:37  Drone  
  77  23:38  Extractor  
  77  23:41  Drone  
  77  24:31  Greater Spire  
  77  24:37  Corruptor  
  79  24:54  Zergling x2  
  69  25:02  Hydralisk  
  61  25:12  Roach  
  59  25:14  Overseer  
  59  25:20  Hydralisk  
  61  25:29  Hydralisk  
  63  25:38  Roach  
  65  25:47  Roach  
  67  25:55  Roach  
  71  26:04  Roach  
  71  26:13  Roach  
  73  26:20  Hydralisk  
  75  26:29  Infestor  
  77  26:38  Brood Lord  
  79  27:46  Hatchery  
  78  28:30  Overlord, Ultralisk  
  84  28:40  Infestor  
  86  28:51  Ultralisk  
  92  28:59  Drone  
  92  29:00  Zergling x2  
  71  29:10  Infestor  
  71  29:11  Extractor  
  71  29:13  Drone  
  73  29:18  Extractor, Overseer  
  73  29:19  Drone  
  73  29:21  Roach  
  75  29:31  Roach  
  77  29:33  Overlord  
  77  29:41  Roach  
  75  29:51  Roach  
  77  30:01  Roach  
  79  30:11  Roach  
  81  30:34  Hydralisk  
  83  30:40  Drone  
  83  30:41  Overlord, Overseer  
  81  30:44  Drone  
  81  30:49  Zergling x2, Drone  
  81  30:53  Drone  
  81  30:57  Drone  
  81  30:59  Overlord  
  81  31:01  Drone  
  81  31:03  Mutalisk  
  83  31:06  Drone  
  83  31:10  Drone  
  84  31:12  Overseer  
  84  31:17  Overlord  
  84  31:18  Hydralisk  
  72  31:29  Roach  
  60  31:36  Drone, Overlord  
  57  31:40  Ultralisk  
  61  31:50  Ultralisk  
  61  31:53  Overlord  
  64  32:00  Infestor  
  66  32:13  Overlord  
  66  32:15  Spawning Pool  
  66  32:18  Evolution Chamber  
  64  32:33  Overlord  
  50  32:51  Overlord  
  50  33:03  Zergling x2  
  50  33:05  Lair  
  51  33:17  Zergling x2  
  50  33:29  Queen  
  50  33:32  Zergling x2, Overlord  
  51  33:38  Hatchery  
  50  33:46  Zergling x2  
  50  34:02  Spawning Pool  
  49  34:03  Overseer  
  49  34:05  Overseer  
  49  34:07  Spire  
  49  34:08  Drone  
  49  34:09  Infestation Pit  
  47  34:12  Drone  
  48  34:47  Hive  
  48  34:51  Zergling x2, Drone  
  50  34:55  Drone  
  50  34:59  Drone  
  52  35:03  Extractor  
  52  35:04  Drone  
  52  35:06  Extractor  
  51  35:08  Drone  
  51  35:12  Drone  
  53  35:17  Drone  
  53  35:19  Corruptor  
  57  35:21  Drone  
  57  35:33  Corruptor  
  59  36:00  Greater Spire  
  59  36:24  Overlord  
  59  36:25  Lair, Ultralisk Cavern  
  58  36:42  Drone  
  58  36:43  Overlord  
  57  37:01  Zergling x2  
  57  37:06  Overlord, Overseer  
  55  37:08  Overseer  
  53  37:16  Ultralisk  
  53  37:18  Evolution Chamber  
  58  37:24  Overlord, Drone  
  58  37:27  Hydralisk Den  
  58  37:29  Drone  
  59  37:30  Ultralisk  
  65  37:45  Ultralisk  
  70  37:59  Zergling x2  
  65  38:11  Overlord  
  65  38:12  Overseer  
  63  38:14  Ultralisk  
  63  38:17  Spawning Pool  
  61  38:28  Mutalisk  
  61  38:30  Overlord  
  54  38:44  Ultralisk Cavern  
  54  38:47  Hydralisk Den  
  52  38:48  Overlord, Drone  
  52  38:53  Drone  
  54  39:04  Zergling x2, Queen  
  48  39:18  Zergling x2  
  49  39:30  Hatchery  
  48  39:31  Drone  
  48  39:33  Ultralisk  
  55  39:46  Hydralisk  
  57  40:00  Hydralisk  
  59  40:16  Ultralisk  
  65  40:30  Hydralisk  
  65  40:35  Overlord  
  67  40:44  Zergling x2  
  67  40:46  Hatchery  
  60  40:54  Extractor  
  46  41:10  Drone  
Tags
 
Matchup
TvZ
Opening
Pool First
Replay Pack
RP
Spawn Locations
Close Positions
Add a new tag
Caveats
  • Supply blocks, unpowered buildings, or Contaminate may cause inaccurate times.
  • Supply counts are checked every 10 seconds.